 Dungeon Crawl Stone Soup version 0.15.0-18-g9076a4f (console) character file.

109 gw the Cudgeler (level 4, 0/29 HPs)
             Began as a Gargoyle Berserker on Sept 7, 2014.
             Was a Believer of Trog.
             Slain by Crazy Yiuf
             ... wielding a +3 quarterstaff of chaos
              (10 damage)
             ... on Level 2 of the Dungeon.
             The game lasted 00:01:03 (2047 turns).

gw the Cudgeler (Gargoyle Berserker)                Turns: 2047, Time: 00:01:03

HP   0/29        AC 10     Str 20      XL: 4   Next: 89%
MP   4/4         EV  9     Int  8      God: Trog [**....]
Gold 0           SH  0     Dex 10      Spells:  0 memorised,  3 levels left

rFire  . . .     SeeInvis .     a - +0 mace
rCold  . . .     Clarity  .     l - +0 scale mail
rNeg   + . .     rCorr    .     (no shield)
rPois  +         rRot     +     (no helmet)
rElec  +         Spirit   .     (no cloak)
SustAb .         Warding  .     (no gloves)
rMut   .         Stasis   .     (no boots)
Gourm  .                        i - amulet of rage
MR     ++...                    (no ring)
                                (no ring)

@: regenerating, very resistant to hostile enchantments, extremely unstealthy
A: negative energy resistance 1, electricity resistance, unbreathing,
petrification resistance, rot immunity, AC +3
a: Burn Spellbooks, Berserk, Trog's Hand, Renounce Religion, Evoke Berserk Rage


You were on level 2 of the Dungeon.
You worshipped Trog.
Trog was pleased with you.
You were hungry.

You visited 1 branch of the dungeon, and saw 2 of its levels.

Inventory:

Hand weapons
 a - a +0 mace (weapon)
Missiles
 d - 58 stones
 e - 3 poisoned tomahawks (quivered)
 o - 3 tomahawks
Armour
 l - a +0 scale mail (worn)
Comestibles
 c - a bread ration
 k - 2 slices of pizza
Scrolls
 b - a scroll of identify
 f - 2 scrolls of enchant armour
 g - a scroll of immolation {unknown}
 h - 2 scrolls of random uselessness {unknown}
 j - 2 scrolls of blinking
Jewellery
 i - an amulet of rage (around neck)
Potions
 m - a potion of cancellation {unknown}
 n - a potion of agility {unknown}


   Skills:
 + Level 4.0 Fighting
 * Level 4.0 Maces & Flails
 + Level 1.7 Throwing
 + Level 3.1 Armour
 - Level 1.5 Dodging


You had 3 spell levels left.
You didn't know any spells.

Dungeon Overview and Level Annotations

Branches:
Dungeon (2/15)

Altars:

Annotations:
D:2 Crazy Yiuf


Innate Abilities, Weirdness & Mutations

You are resistant to torment.
You are immune to poison.
Your stone body is very resilient (AC +3).
You resist negative energy.
You are resistant to electric shocks.
You can survive without breathing.
You are immune to petrification.
You are immune to rotting.


Message History

Aim: Crazy Yiuf, wielding a quarterstaff of chaos and wearing a cloak (unusually strong)
You throw a poisoned tomahawk. The poisoned tomahawk hits Crazy Yiuf.
Crazy Yiuf is poisoned.
Crazy Yiuf is moderately wounded.
ATTACKING (1,0)
You hit Crazy Yiuf.
Crazy Yiuf is heavily wounded.
Crazy Yiuf cries, "You leg down broken song, no?"
Crazy Yiuf hits you with a quarterstaff of chaos!
ATTACKING (1,0)
You hit Crazy Yiuf but do no damage.
Crazy Yiuf is heavily wounded.
Crazy Yiuf grits, "Action!
Seed sallow verde."
Crazy Yiuf hits you with a quarterstaff of chaos!
Use which ability? (? or * to list)
Your skin crawls.
You feel resistant to hostile enchantments.
You feel slightly more hungry.
Crazy Yiuf hits you with a quarterstaff of chaos!
You die...

######## #......# #......###
#......#.. ###### ###
#......... ##....## ###.))#
#....$.#.. #......####9g...#
#......... #.......#))##(.)#
#......### #.#...)#.### ###
#......... #.########
#......... #..# #.........
##.# ##.#.##....
#..###############....##....
#...........................
###############...#.#.......


You could see Crazy Yiuf.

Table legend:
 A = Turns spent in this place as a percentage of turns spent in the entire game.
 B = Non-inter-level travel turns spent in this place as a percentage of non-inter-level travel turns spent in the entire game.
 C = Inter-level travel turns spent in this place as a percentage of turns spent in this place.
 D = Turns resting spent in this place as a percentage of non-inter-level travel turns spent in this place.
 E = Turns spent auto-exploring this place as a percentage of non-inter-level travel turns spent in this place.
 F = Non-inter-level travel turns spent in this place divided by the number of levels of this place that you've seen.
                   A       B       C       D       E      F
               +-------+-------+-------+-------+-------+----------------------
         Total | 100.0 | 100.0 |   1.0 |   2.9 |  19.8 | 254.5
       Dungeon | 100.0 | 100.0 |   1.0 |   2.9 |  19.8 | 254.5
               +-------+-------+-------+-------+-------+----------------------

Table legend:
 A = Kills in this place as a percentage of kills in entire the game.
 B = Kills by you in this place as a percentage of kills by you in the entire game.
 C = Kills by friends in this place as a percentage of kills by friends in the entire game.
 D = Other kills in this place as a percentage of other kills in the entire game.
 E = Experience gained in this place as a percentage of experience gained in the entire game.
 F = Experience gained in this place divided by the number of levels of this place that you have seen.
                   A       B       C       D       E      F
               +-------+-------+-------+-------+-------+----------------------
         Total | 100.0 | 100.0 |  -nan |  -nan | 100.0 |  78.0
       Dungeon | 100.0 | 100.0 |  -nan |  -nan | 100.0 |  78.0
               +-------+-------+-------+-------+-------+----------------------

Vanquished Creatures
  5 adders (D:2)
  2 worms (D:2)
  7 giant geckos
  2 ball pythons (D:2)
  3 giant cockroaches
  7 goblins
  2 hobgoblins
  6 kobolds
  A quokka (D:2)
  4 bats (D:1)
  8 giant newts
  4 rats
51 creatures vanquished.

Vanquished Creatures (others)
  A plant (D:1)
1 creature vanquished.

Grand Total: 52 creatures vanquished

Notes
Turn   | Place    | Note
--------------------------------------------------------------
     0 | D:1      | gw, the Gargoyle Berserker, began the quest for the Orb.
     0 | D:1      | Reached XP level 1. HP: 14/14 MP: 1/1
   113 | D:1      | Reached XP level 2. HP: 17/19 MP: 2/2
   212 | D:1      | Reached skill level 1 in Throwing
   270 | D:1      | Acquired Trog's second power
   545 | D:1      | Reached XP level 3. HP: 22/24 MP: 3/3
  1588 | D:2      | Reached XP level 4. HP: 29/29 MP: 4/4
  1751 | D:2      | Reached skill level 4 in Maces & Flails
  2041 | D:2      | Noticed Crazy Yiuf
  2047 | D:2      | Slain by Crazy Yiuf

Action                   |  1- 3 |  4- 6 || total
-------------------------+-------+-------++-------
Melee: Mace              |    78 |    11 ||    89
Throw: Tomahawk          |    53 |    35 ||    88
       Stone             |    28 |     4 ||    32
Invok: Berserk           |     1 |       ||     1
       Trog's Hand       |       |     1 ||     1
  Use: Scroll            |     4 |       ||     4
       Potion            |     3 |       ||     3
  Eat: Chunk             |     3 |     1 ||     4

Vault maps used:
D:1:      minmay_arrival_stair_chambers, serial_forest,
          infiniplex_forest_clump_large, infiniplex_forest_zigzag_1,
          infiniplex_forest_fountain, infiniplex_forest_diagonal,
          infiniplex_forest_clump_C, infiniplex_forest_split, st_stairs_4
D:2:      uniq_crazy_yiuf_cottage
